 Dungeon Crawl Stone Soup version 0.21.1-1-g345015f (webtiles) character file.

217 Lokkij the Insei (level 5, -6/27 HPs)
             Began as a Vine Stalker Monk on June 19, 2018.
             Was a Believer of Wu Jian.
             Killed from afar by matthes123's ghost (14 damage)
             ... with a flame tongue
             ... on level 3 of the Dungeon.
             The game lasted 00:09:21 (2551 turns).

Lokkij the Insei (Vine Stalker Monk)                Turns: 2551, Time: 00:09:22

Health: -6/27      AC:  3    Str: 14    XL:     5   Next: 94%
Magic:  0/6        EV: 13    Int: 11    God:    Wu Jian [**....]
Gold:   130        SH:  0    Dex: 16    Spells: 4/4 levels left

rFire    . . .     SeeInvis .     - Unarmed
rCold    . . .     Gourm    .   (no shield)
rNeg     . . .     Faith    .   a - +0 robe
rPois    .         Spirit   +   l - +0 helmet
rElec    .         Reflect  .   (no cloak)
rCorr    .         Harm     .   (no gloves)
MR       .....                  (no boots)
Stlth    ++........             (no amulet)
HPRegen  0.49/turn              e - ring of flight
MPRegen  0.10/turn              (no ring)

@: no status effects
A: fangs 2, regeneration 1, magic shield, antimagic bite, no potion heal 3, rot
immunity
a: Wall Jump, Renounce Religion, Evoke Flight


You were on level 3 of the Dungeon.
You worshipped Wu Jian.
Wu Jian was pleased with you.
You were not hungry.

You visited 1 branch of the dungeon, and saw 3 of its levels.

You collected 130 gold pieces.

Inventory:

Armour
 a - a +0 robe (worn)
 l - a +0 helmet (worn)
Jewellery
 e - a ring of flight (left hand)
Scrolls
 d - a scroll of enchant weapon {unknown}
 g - 4 scrolls of identify
 n - a scroll of remove curse {unknown}
 o - 2 scrolls of random uselessness {unknown}
 p - a scroll of blinking {unknown}
 q - 3 scrolls of fog
 s - a scroll of teleportation {unknown}
Potions
 c - 3 potions of curing
 f - a potion of mutation {unknown}
 h - a potion of heal wounds
 i - a potion of lignification
 j - a potion of magic {unknown}
 k - a potion of berserk rage
 m - a potion of cancellation {unknown}
Comestibles
 b - 6 rations


   Skills:
 - Level 2.6 Fighting
 - Level 2.4 Dodging
 - Level 2.4 Stealth
 + Level 6.4 Unarmed Combat


You had 4 spell levels left.
You didn't know any spells.

Dungeon Overview and Level Annotations

Branches:
Dungeon (3/15)

Altars:
Dithmenos
Wu Jian

Annotations:
D:3 matthes123's ghost, amateur DrFE


Innate Abilities, Weirdness & Mutations

You have extremely sharp teeth.
Your natural rate of healing is unusually fast.
When hurt, damage is shared between your health and your magic reserves.
Your bite disrupts and absorbs the magic of your enemies.
Potions cannot restore your health.
You are immune to rotting.


Message History

You closely miss matthes123's ghost. Your bite misses matthes123's ghost.
Matthes123's ghost is lightly damaged.
You hit matthes123's ghost.
You bite matthes123's ghost, but do no damage.
Matthes123's ghost is lightly damaged.
Matthes123's ghost hits you.
Matthes123's ghost ripples.
Matthes123's ghost casts a spell at you.
The flame tongue hits you!
Ouch! That really hurt!
* * * LOW HITPOINT WARNING * * *
As you read the scroll labeled HOZA GYISAN, it crumbles to dust.
It is a scroll of identify.
q - 4 scrolls of fog
As you read the scroll of fog, it crumbles to dust.
The scroll dissolves into smoke.
Matthes123's ghost gestures at you while chanting.
The flame tongue hits you!
Ouch! That really hurt!
You die...

#.#.# #.........
#.#.########..##.....
#######.#..................
...........######.......#.#
######.#..# #..........
#.#..# ##.....#.#.# #.#§.#
#......#.#.#
#.#§§#####.....##.#.#
#W#§@§§..............
#######.#W§####......##.#.#
#.......§§§# #......##.#..
#.#.###.#..# #...#####.###
#.#.....#...# #.#
#.#.###.#####.#...#####.###
#..........................
###.###.#####.#.........###
###.###.##....#.........# #


You could see matthes123's ghost.

Vanquished Creatures
  An orc wizard (D:3)
  2 orc priests (D:3)
  6 adders
  A gnoll (D:1)
  A worm (D:3)
  3 dart slugs
  A leopard gecko (D:2)
  2 orcs (D:3)
  4 bats (D:2)
  A giant cockroach (D:1)
  5 hobgoblins
  13 jackals
  A quokka (D:3)
  4 frilled lizards
  3 goblins
  3 kobolds
  3 rats
54 creatures vanquished.

Notes
Turn   | Place    | Note
-------+----------+-------------------------------------------
     0 | D:1      | Lokkij the Vine Stalker Monk began the quest for the Orb.
     0 | D:1      | Reached XP level 1. HP: 11/11 MP: 2/2
   372 | D:1      | Reached XP level 2. HP: 16/16 MP: 3/3
   867 | D:1      | Reached skill level 4 in Unarmed Combat
  1013 | D:2      | Reached XP level 3. HP: 17/19 MP: 4/4
  1808 | D:2      | Gained mutation: Your natural rate of healing is unusually fast. [Vine Stalker growth]
  1808 | D:2      | Reached XP level 4. HP: 17/23 MP: 3/5
  2046 | D:3      | Reached skill level 5 in Unarmed Combat
  2168 | D:3      | Reached XP level 5. HP: 27/27 MP: 4/6
  2180 | D:3      | Reached skill level 6 in Unarmed Combat
  2370 | D:3      | Found an ornate altar of the Wu Jian Council.
  2378 | D:3      | Became a worshipper of the Wu Jian Council
  2378 | D:3      | Reached * piety under Wu Jian
  2378 | D:3      | Reached ** piety under Wu Jian
  2501 | D:3      | Found a shadowy altar of Dithmenos.
  2532 | D:3      | Noticed matthes123's ghost (amateur DrFE)
  2551 | D:3      | Killed from afar by matthes123's ghost

Skill      XL: |  1  2  3  4  5 |
---------------+----------------+-----
Unarmed Combat | 4 5 6 |  6.4
Fighting       | |  2.6
Dodging        | |  2.4
Stealth        | |  2.4

Action                   |  1- 3 |  4- 6 || total
-------------------------+-------+-------++-------
Melee: Unarmed           |    84 |   101 ||   185
       Bite              |    24 |    31 ||    55
       Punch             |     1 |     1 ||     2
Invok: Lunge             |       |     3 ||     3
       Whirlwind         |       |     3 ||     3
       Wall Jump         |       |     1 ||     1
  Use: Potion            |     1 |     4 ||     5
       Scroll            |       |     2 ||     2
 Stab: Sleeping          |     5 |     3 ||     8
  Eat: Chunk             |     3 |     2 ||     5
Armor: Robe              |    17 |    17 ||    34
       Skin              |       |     4 ||     4
Dodge: Dodged            |    61 |    72 ||   133
